Stars vs Wild

Created - 22 janvier 2018 at 21:09

Goals
1 2 3 OT1 SO T
Stars 1 1 0 0 3 3
Wild 1 0 1 0 2 2
Shots
1 2 3 OT1 SO T
Stars 7 7 10 1 7 25
Wild 10 12 13 1 7 36

1st period

1. Stars , Paul Byron 19 (Paul Stastny 21, Duncan Keith 18) at 2:59
2. Wild , Eric Staal 23 (Christian Folin 10) at 5:56

Penalties :
No Penalty

2nd period

3. Stars , Jonathan Huberdeau 9 (Jakub Voracek 13, Zdeno Chara 19) at 12:43

Penalties :
No Penalty

3rd period

4. Wild , Tanner Pearson 21 (Christian Folin 11, Alexander Edler 24) at 3:24

Penalties :
Nicklas Grossmann (MIN) for Tripping (Minor) at 12:04, Nicklas Grossmann (MIN) for Interference (Minor) at 19:14

Overtime #1

No Goal

Penalties :
No Penalty

Shootout

Penalty Shot by Sidney Crosby for Stars - Stopped by James Reimer
Penalty Shot by Andreas Athanasiou for Wild - Stopped by Jonas Gustavsson
Penalty Shot by Jakub Voracek for Stars - Stopped by James Reimer
Penalty Shot by Jason Spezza for Wild - Stopped by Jonas Gustavsson
Penalty Shot by Paul Stastny for Stars - Goal!
Penalty Shot by Eric Staal for Wild - Goal!
Penalty Shot by Jonathan Huberdeau for Stars - Stopped by James Reimer
Penalty Shot by Tanner Pearson for Wild - Shot Misses the Net
Penalty Shot by Paul Byron for Stars - Stopped by James Reimer
Penalty Shot by Riley Nash for Wild - Stopped by Jonas Gustavsson
Penalty Shot by Victor Hedman for Stars - Goal!
Penalty Shot by Jason Pominville for Wild - Goal!
Penalty Shot by John Klingberg for Stars - Goal!
Penalty Shot by Richard Panik for Wild - Stopped by Jonas Gustavsson

Penalties :
No Penalty

Goalie Stats

Jonas Gustavsson (DAL), 34 saves from 36 shots - (0.944), W, 3-8-0, 65:00 minutes
James Reimer (MIN), 23 saves from 25 shots - (0.920), OTL, 24-27-3, 65:00 minutes

Players Stats for Stars

Player Name              G  A  P  +/- PIM S  H  SB GA TA FO     MP     PP MP  PK MP  
------------------------------------------------------------------------------------
Devin Shore              0  0  0   0  0   1  0  0  0  0  5/17   15:39   0:00   0:00 
Duncan Keith             0  1  1   0  0   1  1  4  0  0  0/0    23:33   1:36   0:00 
Jakub Voracek            0  1  1   0  0   3  2  0  0  0  0/1    21:51   1:23   0:00 
Jason Demers             0  0  0   0  0   0  3  2  0  0  0/0    15:18   0:00   0:00 
Joel Vermin              0  0  0   0  0   0  1  0  0  0  0/0     7:18   0:00   0:00 
John Klingberg           0  0  0   0  0   2  4  1  0  0  0/0    21:07   1:08   0:00 
John Mitchell            0  0  0   0  0   0  1  0  0  0  0/2    15:39   0:00   0:00 
Jonathan Huberdeau       1  0  1   0  0   3  0  0  0  0  1/1    21:01   1:23   0:00 
Jonny Brodzinski         0  0  0   0  0   2  0  0  0  0  2/2    15:39   0:00   0:00 
Michael Bournival        0  0  0   0  0   0  0  0  0  0  0/1     7:18   0:00   0:00 
Nikita Nesterov          0  0  0   0  0   0  0  2  0  0  0/0    14:36   0:00   0:00 
Paul Byron               1  0  1   0  0   3  1  0  0  0  0/0    18:31   1:21   0:00 
Paul Stastny             0  1  1   0  0   2  0  0  0  0  15/23  20:34   1:21   0:00 
Sidney Crosby            0  0  0   0  0   2  1  1  0  0  21/41  28:05   1:23   0:00 
Tommy Wingels            0  0  0   0  0   1  4  1  0  0  0/1    18:25   1:21   0:00 
Tyler Gaudet             0  0  0   0  0   0  0  0  0  0  0/0     0:00   0:00   0:00 
Victor Hedman            0  0  0   0  0   2  0  0  0  0  0/0    27:07   1:36   0:00 
Zdeno Chara              0  1  1   0  0   3  0  1  0  0  0/0    24:33   1:08   0:00 

Players Stats for Wild

Player Name              G  A  P  +/- PIM S  H  SB GA TA FO     MP     PP MP  PK MP  
------------------------------------------------------------------------------------
Alexander Edler          0  1  1   1  0   0  2  1  0  0  0/0    27:42   0:00   3:09 
Andreas Athanasiou       0  0  0   0  0   4  0  0  0  0  10/21  17:29   0:00   1:42 
Christian Folin          0  2  2   1  0   2  1  0  0  0  0/0    20:56   0:00   1:35 
Eric Staal               1  0  1   1  0   7  1  0  0  0  18/37  25:34   0:00   0:00 
Jason Pominville         0  0  0   1  0   0  1  0  0  0  1/2    19:00   0:00   0:00 
Jason Spezza             0  0  0  -1  0   3  0  1  0  0  11/17  21:29   0:00   2:06 
Johnny Oduya             0  0  0   0  0   1  2  1  0  0  0/0    18:39   0:00   1:05 
Joonas Donskoi           0  0  0   0  0   2  0  0  0  0  0/0     8:12   0:00   0:00 
Josh Gorges              0  0  0  -1  0   0  1  1  0  0  0/0    19:21   0:00   0:00 
Marco Scandella          0  0  0  -1  0   0  0  3  0  0  0/0    19:55   0:00   2:07 
Marian Gaborik           0  0  0   0  0   2  0  0  0  0  0/0     7:48   0:00   0:00 
Mason Raymond            0  0  0   0  0   0  0  0  0  0  0/0     1:35   0:00   0:00 
Nicklas Grossmann        0  0  0   0  4   0  7  1  0  0  0/0    17:14   0:00   0:00 
Richard Panik            0  0  0  -1  0   2  0  0  0  0  1/1    17:04   0:00   0:00 
Riley Nash               0  0  0  -1  0   2  0  0  0  0  3/4    19:01   0:00   1:25 
Ryan Callahan            0  0  0   0  0   3  1  0  0  0  0/0    16:23   0:00   0:00 
Sven Baertschi           0  0  0   0  0   2  0  0  0  0  0/2    15:39   0:00   0:00 
Tanner Pearson           1  0  1   1  0   6  1  0  0  0  1/5    19:13   0:00   1:29 

3 Stars

1 - Jonas Gustavsson (DAL)
2 - Christian Folin (MIN)
3 - Eric Staal (MIN)

Power Play

Stars - 0 on 2 Attempt(s) - 0.00%
Wild - 0 on 0 Attempt(s) - 0.00%

Penalty Kill

Stars - 0 on 0 Attempt(s) - 0.00% - Score 0 goal in Penalty Kill
Wild - 2 on 2 Attempt(s) - 100.00% - Score 0 goal in Penalty Kill

Team Stat

Stars - Hits : 18 - Faceoff Wins : 44 - Blocked Shots : 12 - Penalty Minutes : 0
Wild - Hits : 17 - Faceoff Wins : 45 - Blocked Shots : 8 - Penalty Minutes : 4

Official

Referees : Francis Charron and Eric Furlatt
Linesman : Trent Knorr and Tim Nowak

Game Notes

No Game Note

Finance

Level 1 -- Attendance: 6493 (99.89%) -- Ticket Income 714 230 $
Level 2 -- Attendance: 5000 (100.00%) -- Ticket Income 375 000 $
Level 3 -- Attendance: 3353 (95.80%) -- Ticket Income 187 768 $
Level 4 -- Attendance: 1954 (100.00%) -- Ticket Income 78 160 $
Luxury Box -- Attendance: 916 (91.60%) -- Ticket Income 182 284 $
Game was played at the Xcel Energy Center.
Total Attendance: 17716 (98.67%)
Total Ticket Income: 1 537 442 $
Other Income: 230 616 $
Total Income: 1 768 058 $

% Time on Ice - Stars

Lines # - Real PCT - Wanted PCT - Time Play
Normal Forward
1 - 31% - 40% - 17:57
2 - 29% - 30% - 16:22
3 - 27% - 20% - 15:39
4 - 13% - 10% - 7:18
Normal Defense
1 - 35% - 40% - 19:54
2 - 34% - 30% - 19:40
3 - 25% - 20% - 14:36
4 - 5% - 10% - 3:06
PP Forward
1 - 51% - 60% - 1:23
2 - 49% - 40% - 1:21
PP Defense
1 - 59% - 60% - 1:36
2 - 41% - 40% - 1:08
PK Forward
1 - 0% - 60%
2 - 0% - 40%
PK Defense
1 - 0% - 60%
2 - 0% - 40%
PK3 Forward
1 - 0% - 60%
2 - 0% - 40%
PK3 Defense
1 - 0% - 60%
2 - 0% - 40%
44 Forward
1 - 74% - 60% - 0:55
2 - 26% - 40% - 0:19
44 Defense
1 - 74% - 60% - 0:55
2 - 26% - 40% - 0:19
Last Minute Offensive  - 0:00
Last Minute Defensive  - 0:00
Total
Forward - 61:14
Defense - 61:14

% Time on Ice - Wild

Lines # - Real PCT - Wanted PCT - Time Play
Normal Forward
1 - 29% - 40% - 16:40
2 - 30% - 30% - 17:19
3 - 27% - 20% - 15:29
4 - 14% - 10% - 7:48
Normal Defense
1 - 35% - 40% - 20:08
2 - 29% - 30% - 16:46
3 - 30% - 20% - 17:00
4 - 6% - 10% - 3:22
PP Forward
1 - 0% - 60%
2 - 0% - 40%
PP Defense
1 - 0% - 60%
2 - 0% - 40%
PK Forward
1 - 76% - 60% - 2:05
2 - 24% - 40% - 0:39
PK Defense
1 - 50% - 60% - 1:22
2 - 50% - 40% - 1:22
PK3 Forward
1 - 78% - 60% - 0:58
2 - 22% - 40% - 0:16
PK3 Defense
1 - 89% - 60% - 1:06
2 - 11% - 40% - 0:08
44 Forward
1 - 0% - 60%
2 - 0% - 40%
44 Defense
1 - 0% - 60%
2 - 0% - 40%
Last Minute Offensive  - 0:00
Last Minute Defensive  - 0:00
Total
Forward - 61:14
Defense - 61:14

Play by Play

1st period


0:01 of 1st period - Eric Staal wins face-off versus Sidney Crosby in neutral zone.
0:14 of 1st period - Shot by Eric Staal.
0:14 of 1st period - Stopped by Jonas Gustavsson without a rebound.
0:15 of 1st period - Paul Stastny wins face-off versus Jason Spezza in Stars zone.
0:20 of 1st period - Shot by Paul Byron.
0:20 of 1st period - Shot Blocked by Marco Scandella.
0:31 of 1st period - Icing by Jason Spezza.
0:32 of 1st period - Jason Spezza wins face-off versus Devin Shore in Wild zone.
1:20 of 1st period - Shot by Andreas Athanasiou.
1:20 of 1st period - Shot Misses the Net.
1:22 of 1st period - Shot by Sven Baertschi.
1:22 of 1st period - Shot Misses the Net.
2:27 of 1st period - Shot by Victor Hedman.
2:27 of 1st period - Stopped by James Reimer with a rebound.
2:30 of 1st period - Icing by Christian Folin.
2:31 of 1st period - Paul Stastny wins face-off versus Eric Staal in Wild zone.
2:33 of 1st period - Paul Byron is hit by Christian Folin and loses puck.
2:59 of 1st period - Shot by Paul Byron.
2:59 of 1st period - Goal by Paul Byron - Stars : 1 - Wild : 0.
3:00 of 1st period - Jason Spezza wins face-off versus Sidney Crosby in neutral zone.
3:10 of 1st period - Off-side.
3:11 of 1st period - Sidney Crosby wins face-off versus Andreas Athanasiou in neutral zone.
3:16 of 1st period - Shot by Jakub Voracek.
3:16 of 1st period - Shot Hit the Post.
3:37 of 1st period - Jonathan Huberdeau is hit by Nicklas Grossmann and loses puck.
3:43 of 1st period - Icing by Nicklas Grossmann.
3:44 of 1st period - Paul Stastny wins face-off versus Andreas Athanasiou in Wild zone.
4:04 of 1st period - Shot by Tommy Wingels.
4:04 of 1st period - Stopped by James Reimer without a rebound.
4:05 of 1st period - Eric Staal wins face-off versus John Mitchell in Wild zone.
4:11 of 1st period - Off-side.
4:12 of 1st period - Eric Staal wins face-off versus Michael Bournival in neutral zone.
4:15 of 1st period - Shot by Jason Pominville.
4:15 of 1st period - Deflect By Eric Staal.
4:15 of 1st period - Stopped by Jonas Gustavsson without a rebound.
4:16 of 1st period - Sidney Crosby wins face-off versus Eric Staal in Stars zone.
4:43 of 1st period - Shot by Eric Staal.
4:43 of 1st period - Shot Misses the Net.
4:45 of 1st period - Shot by Marian Gaborik.
4:45 of 1st period - Stopped by Jonas Gustavsson without a rebound.
4:46 of 1st period - Jason Spezza wins face-off versus Paul Stastny in Stars zone.
5:08 of 1st period - Shot by Paul Byron.
5:08 of 1st period - Shot Blocked by Josh Gorges.
5:10 of 1st period - Shot by Duncan Keith.
5:10 of 1st period - Shot Misses the Net.
5:12 of 1st period - Shot by Duncan Keith.
5:12 of 1st period - Shot Misses the Net.
5:14 of 1st period - Shot by John Klingberg.
5:14 of 1st period - Stopped by James Reimer with a rebound.
5:56 of 1st period - Shot by Eric Staal.
5:56 of 1st period - Goal by Eric Staal - Stars : 1 - Wild : 1.
5:57 of 1st period - Andreas Athanasiou wins face-off versus Devin Shore in neutral zone.
6:00 of 1st period - Shot by Sven Baertschi.
6:00 of 1st period - Shot Blocked by Nikita Nesterov.
6:24 of 1st period - Shot by Sven Baertschi.
6:24 of 1st period - Stopped by Jonas Gustavsson without a rebound.
6:25 of 1st period - Eric Staal wins face-off versus Sidney Crosby in Stars zone.
6:28 of 1st period - Shot by Eric Staal.
6:28 of 1st period - Stopped by Jonas Gustavsson without a rebound.
6:29 of 1st period - Sidney Crosby wins face-off versus Eric Staal in Stars zone.
7:03 of 1st period - Icing by Alexander Edler.
7:04 of 1st period - Paul Stastny wins face-off versus Tanner Pearson in Wild zone.
7:50 of 1st period - Icing by Christian Folin.
7:51 of 1st period - Sidney Crosby wins face-off versus Eric Staal in Wild zone.
8:27 of 1st period - Shot by Riley Nash.
8:27 of 1st period - Stopped by Jonas Gustavsson without a rebound.
8:28 of 1st period - Jonny Brodzinski wins face-off versus Andreas Athanasiou in Stars zone.
9:49 of 1st period - Shot by Jason Spezza.
9:49 of 1st period - Stopped by Jonas Gustavsson without a rebound.
9:50 of 1st period - Sidney Crosby wins face-off versus Eric Staal in Stars zone.
10:18 of 1st period - Icing by Josh Gorges.
10:19 of 1st period - Eric Staal wins face-off versus Devin Shore in Wild zone.
10:44 of 1st period - Shot by Richard Panik.
10:44 of 1st period - Shot Blocked by Jason Demers.
10:54 of 1st period - Shot by Richard Panik.
10:54 of 1st period - Stopped by Jonas Gustavsson without a rebound.
10:55 of 1st period - Andreas Athanasiou wins face-off versus Jakub Voracek in Stars zone.
11:05 of 1st period - Icing by Jonathan Huberdeau.
11:06 of 1st period - Sidney Crosby wins face-off versus Eric Staal in Stars zone.
11:15 of 1st period - Shot by Tanner Pearson.
11:15 of 1st period - Stopped by Jonas Gustavsson without a rebound.
11:16 of 1st period - Jason Spezza wins face-off versus Paul Stastny in Stars zone.
11:21 of 1st period - Shot by Jason Spezza.
11:21 of 1st period - Shot Misses the Net.
11:23 of 1st period - Shot by Riley Nash.
11:23 of 1st period - Shot Misses the Net.
11:43 of 1st period - Shot by Jason Spezza.
11:43 of 1st period - Shot Blocked by Duncan Keith.
12:04 of 1st period - Icing by Alexander Edler.
12:05 of 1st period - Eric Staal wins face-off versus Sidney Crosby in Wild zone.
12:05 of 1st period - Eric Staal is hit by Jakub Voracek.
12:17 of 1st period - Icing by Tanner Pearson.
12:18 of 1st period - Eric Staal wins face-off versus Devin Shore in Wild zone.
13:33 of 1st period - Shot by Sidney Crosby.
13:33 of 1st period - Stopped by James Reimer with a rebound.
14:38 of 1st period - Shot by Paul Stastny.
14:38 of 1st period - Shot Misses the Net.
14:40 of 1st period - Shot by Paul Byron.
14:40 of 1st period - Stopped by James Reimer without a rebound.
14:41 of 1st period - Eric Staal wins face-off versus Sidney Crosby in Wild zone.
14:43 of 1st period - Icing by Alexander Edler.
14:44 of 1st period - Eric Staal wins face-off versus Sidney Crosby in Wild zone.
14:44 of 1st period - Eric Staal is hit by Joel Vermin.
14:47 of 1st period - Icing by Jason Pominville.
14:48 of 1st period - Sidney Crosby wins face-off versus Eric Staal in Wild zone.
15:01 of 1st period - Shot by Sidney Crosby.
15:01 of 1st period - Shot Misses the Net.
16:33 of 1st period - Zdeno Chara is hit by Eric Staal and loses puck.
16:42 of 1st period - Alexander Edler is hit by Tommy Wingels and loses puck.
16:59 of 1st period - Nicklas Grossmann is hit by Tommy Wingels and loses puck.
17:09 of 1st period - Icing by Paul Stastny.
17:10 of 1st period - Andreas Athanasiou wins face-off versus Paul Stastny in Stars zone.
17:17 of 1st period - Andreas Athanasiou is hit by Tommy Wingels and loses puck.
17:28 of 1st period - Shot by Sven Baertschi.
17:28 of 1st period - Shot Misses the Net.
17:35 of 1st period - Off-side.
17:36 of 1st period - Sidney Crosby wins face-off versus Eric Staal in neutral zone.
17:51 of 1st period - Alexander Edler is hit by Jakub Voracek and loses puck.
18:09 of 1st period - Off-side.
18:10 of 1st period - Devin Shore wins face-off versus Jason Spezza in neutral zone.
18:33 of 1st period - Shot by Riley Nash.
18:33 of 1st period - Shot Misses the Net.
19:52 of 1st period - Shot by Jonathan Huberdeau.
19:52 of 1st period - Shot Misses the Net.
19:54 of 1st period - Shot by Paul Stastny.
19:54 of 1st period - Shot Blocked by Alexander Edler.
19:56 of 1st period - Shot by Zdeno Chara.
19:56 of 1st period - Shot Misses the Net.
19:58 of 1st period - Shot by Jonathan Huberdeau.
19:58 of 1st period - Stopped by James Reimer with a rebound.
Goals for this period are 1 for Stars vs 1 for Wild.
Shots for this period are 7 for Stars vs 10 for Wild.

2nd period


0:01 of 2nd period - Sidney Crosby wins face-off versus Tanner Pearson in neutral zone.
1:28 of 2nd period - Icing by Josh Gorges.
1:29 of 2nd period - Devin Shore wins face-off versus Eric Staal in Wild zone.
3:07 of 2nd period - Jonathan Huberdeau is hit by Nicklas Grossmann and loses puck.
3:36 of 2nd period - Shot by Paul Stastny.
3:36 of 2nd period - Shot Misses the Net.
3:46 of 2nd period - Shot by Andreas Athanasiou.
3:46 of 2nd period - Stopped by Jonas Gustavsson with a rebound.
3:48 of 2nd period - Shot by Marco Scandella.
3:48 of 2nd period - Deflect By Sven Baertschi.
3:48 of 2nd period - Shot Misses the Net.
4:18 of 2nd period - Shot by Marian Gaborik.
4:18 of 2nd period - Stopped by Jonas Gustavsson with a rebound.
4:20 of 2nd period - Shot by Marian Gaborik.
4:20 of 2nd period - Shot Blocked by Jason Demers.
5:05 of 2nd period - Andreas Athanasiou is hit by John Klingberg and loses puck.
5:32 of 2nd period - Shot by Sven Baertschi.
5:32 of 2nd period - Shot Misses the Net.
5:34 of 2nd period - Shot by Tanner Pearson.
5:34 of 2nd period - Shot Blocked by Duncan Keith.
6:08 of 2nd period - Shot by Eric Staal.
6:08 of 2nd period - Shot Misses the Net.
6:10 of 2nd period - Shot by Eric Staal.
6:10 of 2nd period - Deflect By Mason Raymond.
6:10 of 2nd period - Shot Misses the Net.
6:12 of 2nd period - Shot by Mason Raymond.
6:12 of 2nd period - Deflect By Jason Spezza.
6:12 of 2nd period - Shot Blocked by Zdeno Chara.
6:38 of 2nd period - Shot by Sven Baertschi.
6:38 of 2nd period - Shot Misses the Net.
6:40 of 2nd period - Shot by Ryan Callahan.
6:40 of 2nd period - Stopped by Jonas Gustavsson without a rebound.
6:41 of 2nd period - Jonathan Huberdeau wins face-off versus Andreas Athanasiou in Stars zone.
7:04 of 2nd period - Icing by Zdeno Chara.
7:05 of 2nd period - Paul Stastny wins face-off versus Jason Pominville in Stars zone.
7:05 of 2nd period - Paul Stastny is hit by Alexander Edler.
7:37 of 2nd period - Shot by Devin Shore.
7:37 of 2nd period - Deflect By Jonny Brodzinski.
7:37 of 2nd period - Stopped by James Reimer with a rebound.
7:39 of 2nd period - Shot by Duncan Keith.
7:39 of 2nd period - Stopped by James Reimer without a rebound.
7:40 of 2nd period - Sidney Crosby wins face-off versus Andreas Athanasiou in Wild zone.
7:51 of 2nd period - Shot by Jakub Voracek.
7:51 of 2nd period - Shot Misses the Net.
8:05 of 2nd period - Shot by Andreas Athanasiou.
8:05 of 2nd period - Stopped by Jonas Gustavsson without a rebound.
8:06 of 2nd period - Jason Spezza wins face-off versus Devin Shore in Stars zone.
8:21 of 2nd period - Shot by Devin Shore.
8:21 of 2nd period - Stopped by James Reimer without a rebound.
8:22 of 2nd period - Sidney Crosby wins face-off versus Eric Staal in Wild zone.
8:23 of 2nd period - Shot by Zdeno Chara.
8:23 of 2nd period - Stopped by James Reimer without a rebound.
8:24 of 2nd period - Eric Staal wins face-off versus Sidney Crosby in Wild zone.
9:43 of 2nd period - Icing by Duncan Keith.
9:44 of 2nd period - Paul Stastny wins face-off versus Sven Baertschi in Stars zone.
9:52 of 2nd period - Off-side.
9:53 of 2nd period - Eric Staal wins face-off versus Sidney Crosby in neutral zone.
11:29 of 2nd period - Riley Nash is hit by Tommy Wingels.
12:43 of 2nd period - Shot by Jonathan Huberdeau.
12:43 of 2nd period - Goal by Jonathan Huberdeau - Stars : 2 - Wild : 1.
12:44 of 2nd period - Devin Shore wins face-off versus Andreas Athanasiou in neutral zone.
12:46 of 2nd period - Zdeno Chara is hit by Nicklas Grossmann and loses puck.
12:56 of 2nd period - Jonny Brodzinski is hit by Nicklas Grossmann and loses puck.
13:05 of 2nd period - Shot by Victor Hedman.
13:05 of 2nd period - Stopped by James Reimer with a rebound.
13:07 of 2nd period - Shot by Zdeno Chara.
13:07 of 2nd period - Shot Blocked by Nicklas Grossmann.
13:12 of 2nd period - John Mitchell is hit by Johnny Oduya.
13:33 of 2nd period - Icing by John Klingberg.
13:34 of 2nd period - Eric Staal wins face-off versus Sidney Crosby in Stars zone.
13:37 of 2nd period - Shot by Marian Gaborik.
13:37 of 2nd period - Shot Misses the Net.
14:06 of 2nd period - Sidney Crosby is hit by Alexander Edler and loses puck.
14:31 of 2nd period - Ryan Callahan is hit by Paul Byron and loses puck.
14:39 of 2nd period - Andreas Athanasiou is hit by Jason Demers and loses puck.
14:49 of 2nd period - Ryan Callahan is hit by Jason Demers and loses puck.
15:18 of 2nd period - Off-side.
15:19 of 2nd period - Sidney Crosby wins face-off versus Eric Staal in neutral zone.
15:38 of 2nd period - Shot by Eric Staal.
15:38 of 2nd period - Stopped by Jonas Gustavsson without a rebound.
15:39 of 2nd period - Tanner Pearson wins face-off versus Devin Shore in Stars zone.
15:42 of 2nd period - Shot by Joonas Donskoi.
15:42 of 2nd period - Stopped by Jonas Gustavsson without a rebound.
15:43 of 2nd period - Jason Spezza wins face-off versus Devin Shore in Stars zone.
15:48 of 2nd period - Shot by Jason Spezza.
15:48 of 2nd period - Stopped by Jonas Gustavsson with a rebound.
15:50 of 2nd period - Shot by Christian Folin.
15:50 of 2nd period - Stopped by Jonas Gustavsson with a rebound.
16:10 of 2nd period - Shot by Richard Panik.
16:10 of 2nd period - Shot Misses the Net.
16:44 of 2nd period - Shot by Joonas Donskoi.
16:44 of 2nd period - Shot Misses the Net.
17:01 of 2nd period - Icing by Zdeno Chara.
17:02 of 2nd period - Andreas Athanasiou wins face-off versus Devin Shore in Stars zone.
17:48 of 2nd period - Shot by Tanner Pearson.
17:48 of 2nd period - Stopped by Jonas Gustavsson with a rebound.
17:50 of 2nd period - Shot by Eric Staal.
17:50 of 2nd period - Stopped by Jonas Gustavsson without a rebound.
17:51 of 2nd period - Jason Spezza wins face-off versus Sidney Crosby in Stars zone.
18:16 of 2nd period - Shot by Jakub Voracek.
18:16 of 2nd period - Shot Misses the Net.
18:18 of 2nd period - Shot by Jonathan Huberdeau.
18:18 of 2nd period - Deflect By Jakub Voracek.
18:18 of 2nd period - Stopped by James Reimer without a rebound.
18:19 of 2nd period - Paul Stastny wins face-off versus Eric Staal in Wild zone.
18:42 of 2nd period - Shot by Tanner Pearson.
18:42 of 2nd period - Stopped by Jonas Gustavsson without a rebound.
18:43 of 2nd period - Andreas Athanasiou wins face-off versus Sidney Crosby in Stars zone.
18:47 of 2nd period - Icing by John Klingberg.
18:48 of 2nd period - Sidney Crosby wins face-off versus Andreas Athanasiou in Stars zone.
18:50 of 2nd period - Duncan Keith is hit by Ryan Callahan and loses puck.
19:09 of 2nd period - Shot by Andreas Athanasiou.
19:09 of 2nd period - Shot Misses the Net.
19:23 of 2nd period - Shot by Andreas Athanasiou.
19:23 of 2nd period - Shot Blocked by Duncan Keith.
19:40 of 2nd period - Marco Scandella is hit by Jason Demers and loses puck.
19:55 of 2nd period - Shot by Eric Staal.
19:55 of 2nd period - Shot Misses the Net.
19:57 of 2nd period - Shot by Christian Folin.
19:57 of 2nd period - Shot Misses the Net.
19:59 of 2nd period - Shot by Christian Folin.
19:59 of 2nd period - Stopped by Jonas Gustavsson without a rebound.
Goals for this period are 1 for Stars vs 0 for Wild.
Shots for this period are 7 for Stars vs 12 for Wild.

3rd period


0:01 of 3rd period - Sidney Crosby wins face-off versus Eric Staal in neutral zone.
0:10 of 3rd period - Shot by Jonathan Huberdeau.
0:10 of 3rd period - Stopped by James Reimer without a rebound.
0:11 of 3rd period - Jason Spezza wins face-off versus Paul Stastny in Wild zone.
0:15 of 3rd period - Off-side.
0:16 of 3rd period - Eric Staal wins face-off versus Sidney Crosby in neutral zone.
1:29 of 3rd period - Off-side.
1:30 of 3rd period - Jonny Brodzinski wins face-off versus Sven Baertschi in neutral zone.
1:42 of 3rd period - Shot by John Mitchell.
1:42 of 3rd period - Shot Misses the Net.
1:44 of 3rd period - Shot by Jonny Brodzinski.
1:44 of 3rd period - Stopped by James Reimer without a rebound.
1:45 of 3rd period - Paul Stastny wins face-off versus Eric Staal in Wild zone.
1:45 of 3rd period - Paul Stastny is hit by Josh Gorges.
1:57 of 3rd period - Shot by Joonas Donskoi.
1:57 of 3rd period - Stopped by Jonas Gustavsson without a rebound.
1:58 of 3rd period - Jason Spezza wins face-off versus Devin Shore in Stars zone.
2:06 of 3rd period - Jason Demers is hit by Nicklas Grossmann and loses puck.
3:03 of 3rd period - Sidney Crosby is hit by Nicklas Grossmann and loses puck.
3:10 of 3rd period - Shot by Jakub Voracek.
3:10 of 3rd period - Stopped by James Reimer without a rebound.
3:11 of 3rd period - Paul Stastny wins face-off versus Eric Staal in Wild zone.
3:18 of 3rd period - Shot by Tanner Pearson.
3:18 of 3rd period - Shot Blocked by Duncan Keith.
3:20 of 3rd period - Shot by Alexander Edler.
3:20 of 3rd period - Shot Blocked by John Klingberg.
3:22 of 3rd period - Shot by Christian Folin.
3:22 of 3rd period - Shot Misses the Net.
3:24 of 3rd period - Shot by Tanner Pearson.
3:24 of 3rd period - Goal by Tanner Pearson - Stars : 2 - Wild : 2.
3:25 of 3rd period - Andreas Athanasiou wins face-off versus Sidney Crosby in neutral zone.
3:51 of 3rd period - Icing by John Klingberg.
3:52 of 3rd period - Sidney Crosby wins face-off versus Eric Staal in Stars zone.
3:52 of 3rd period - Duncan Keith is hit by Jason Pominville.
3:58 of 3rd period - Shot by Jason Pominville.
3:58 of 3rd period - Shot Misses the Net.
4:24 of 3rd period - Shot by Eric Staal.
4:24 of 3rd period - Stopped by Jonas Gustavsson without a rebound.
4:25 of 3rd period - Paul Stastny wins face-off versus Andreas Athanasiou in Stars zone.
4:49 of 3rd period - Shot by Sven Baertschi.
4:49 of 3rd period - Deflect By Andreas Athanasiou.
4:49 of 3rd period - Shot Misses the Net.
5:08 of 3rd period - Paul Byron is hit by Johnny Oduya and loses puck.
5:56 of 3rd period - Icing by Riley Nash.
5:57 of 3rd period - Jason Spezza wins face-off versus Sidney Crosby in Wild zone.
5:57 of 3rd period - Jason Spezza is hit by Sidney Crosby.
6:14 of 3rd period - Riley Nash is hit by John Klingberg and loses puck.
6:17 of 3rd period - Shot by Richard Panik.
6:17 of 3rd period - Stopped by Jonas Gustavsson without a rebound.
6:18 of 3rd period - Devin Shore wins face-off versus Andreas Athanasiou in Stars zone.
6:41 of 3rd period - Shot by Sven Baertschi.
6:41 of 3rd period - Stopped by Jonas Gustavsson without a rebound.
6:42 of 3rd period - Sidney Crosby wins face-off versus Tanner Pearson in Stars zone.
8:58 of 3rd period - Icing by Josh Gorges.
8:59 of 3rd period - Paul Stastny wins face-off versus Andreas Athanasiou in Wild zone.
9:02 of 3rd period - Shot by Paul Stastny.
9:02 of 3rd period - Stopped by James Reimer without a rebound.
9:03 of 3rd period - Paul Stastny wins face-off versus Eric Staal in Wild zone.
9:26 of 3rd period - Shot by John Klingberg.
9:26 of 3rd period - Stopped by James Reimer without a rebound.
9:27 of 3rd period - Andreas Athanasiou wins face-off versus Sidney Crosby in Wild zone.
9:37 of 3rd period - Shot by Andreas Athanasiou.
9:37 of 3rd period - Shot Misses the Net.
9:41 of 3rd period - Shot by Andreas Athanasiou.
9:41 of 3rd period - Shot Misses the Net.
9:43 of 3rd period - Shot by Johnny Oduya.
9:43 of 3rd period - Stopped by Jonas Gustavsson with a rebound.
9:49 of 3rd period - Shot by Ryan Callahan.
9:49 of 3rd period - Stopped by Jonas Gustavsson without a rebound.
9:50 of 3rd period - Eric Staal wins face-off versus John Mitchell in Stars zone.
9:51 of 3rd period - Shot by Tanner Pearson.
9:51 of 3rd period - Shot Hit the Post.
9:53 of 3rd period - Shot by Jason Pominville.
9:53 of 3rd period - Shot Misses the Net.
9:58 of 3rd period - Eric Staal is hit by Duncan Keith and loses puck.
10:14 of 3rd period - Icing by Duncan Keith.
10:15 of 3rd period - Devin Shore wins face-off versus Jason Spezza in Stars zone.
10:42 of 3rd period - Shot by Jason Spezza.
10:42 of 3rd period - Deflect By Richard Panik.
10:42 of 3rd period - Shot Hit the Post.
11:13 of 3rd period - Shot by Tanner Pearson.
11:13 of 3rd period - Stopped by Jonas Gustavsson without a rebound.
11:14 of 3rd period - Andreas Athanasiou wins face-off versus Paul Stastny in Stars zone.
11:31 of 3rd period - Shot by Andreas Athanasiou.
11:31 of 3rd period - Stopped by Jonas Gustavsson with a rebound.
11:33 of 3rd period - Shot by Alexander Edler.
11:33 of 3rd period - Shot Blocked by Tommy Wingels.
11:35 of 3rd period - Shot by Andreas Athanasiou.
11:35 of 3rd period - Stopped by Jonas Gustavsson without a rebound.
11:36 of 3rd period - Sidney Crosby wins face-off versus Eric Staal in Stars zone.
11:49 of 3rd period - Shot by Sidney Crosby.
11:49 of 3rd period - Shot Blocked by Johnny Oduya.
11:51 of 3rd period - Shot by Jonathan Huberdeau.
11:51 of 3rd period - Shot Misses the Net.
11:53 of 3rd period - Shot by Zdeno Chara.
11:53 of 3rd period - Shot Misses the Net.
12:04 of 3rd period - Minor Penalty to Nicklas Grossmann for Tripping.
12:05 of 3rd period - Riley Nash wins face-off versus Paul Stastny in Wild zone.
12:34 of 3rd period - Shot by Victor Hedman.
12:34 of 3rd period - Shot Blocked by Marco Scandella.
12:36 of 3rd period - Shot by Paul Stastny.
12:36 of 3rd period - Shot Blocked by Jason Spezza.
12:38 of 3rd period - Shot by Duncan Keith.
12:38 of 3rd period - Shot Blocked by Marco Scandella.
12:40 of 3rd period - Shot by Victor Hedman.
12:40 of 3rd period - Shot Misses the Net.
13:20 of 3rd period - Shot by John Klingberg.
13:20 of 3rd period - Shot Misses the Net.
13:22 of 3rd period - Shot by Sidney Crosby.
13:22 of 3rd period - Stopped by James Reimer without a rebound.
13:23 of 3rd period - Paul Stastny wins face-off versus Riley Nash in Wild zone.
13:48 of 3rd period - Shot by Jason Spezza.
13:48 of 3rd period - Stopped by Jonas Gustavsson without a rebound.
13:49 of 3rd period - Andreas Athanasiou wins face-off versus Sidney Crosby in Stars zone.
14:04 of 3rd period - Icing by Sidney Crosby.
14:05 of 3rd period - Eric Staal wins face-off versus Devin Shore in Stars zone.
14:13 of 3rd period - Icing by Nikita Nesterov.
14:14 of 3rd period - Eric Staal wins face-off versus Devin Shore in Stars zone.
14:17 of 3rd period - Shot by Jason Pominville.
14:17 of 3rd period - Shot Blocked by Nikita Nesterov.
14:19 of 3rd period - Shot by Eric Staal.
14:19 of 3rd period - Shot Misses the Net.
14:33 of 3rd period - Shot by Tanner Pearson.
14:33 of 3rd period - Stopped by Jonas Gustavsson without a rebound.
14:34 of 3rd period - Andreas Athanasiou wins face-off versus Sidney Crosby in Stars zone.
15:32 of 3rd period - Sven Baertschi is hit by John Klingberg and loses puck.
16:04 of 3rd period - Eric Staal is hit by John Klingberg and loses puck.
16:27 of 3rd period - Shot by Tanner Pearson.
16:27 of 3rd period - Shot Misses the Net.
16:59 of 3rd period - Shot by Sidney Crosby.
16:59 of 3rd period - Shot Misses the Net.
17:11 of 3rd period - Shot by Zdeno Chara.
17:11 of 3rd period - Stopped by James Reimer without a rebound.
17:12 of 3rd period - Eric Staal wins face-off versus Sidney Crosby in Wild zone.
17:45 of 3rd period - Shot by Jonathan Huberdeau.
17:45 of 3rd period - Shot Hit the Post.
17:47 of 3rd period - Shot by Zdeno Chara.
17:47 of 3rd period - Stopped by James Reimer without a rebound.
17:48 of 3rd period - Richard Panik wins face-off versus Paul Stastny in Wild zone.
17:55 of 3rd period - Shot by Riley Nash.
17:55 of 3rd period - Stopped by Jonas Gustavsson with a rebound.
18:01 of 3rd period - Shot by Paul Stastny.
18:01 of 3rd period - Stopped by James Reimer without a rebound.
18:02 of 3rd period - Eric Staal wins face-off versus Devin Shore in Wild zone.
18:07 of 3rd period - Tanner Pearson is hit by John Mitchell and loses puck.
18:20 of 3rd period - Off-side.
18:21 of 3rd period - Sidney Crosby wins face-off versus Jason Spezza in neutral zone.
18:33 of 3rd period - Icing by Jason Spezza.
18:34 of 3rd period - Paul Stastny wins face-off versus Jason Spezza in Wild zone.
18:34 of 3rd period - Victor Hedman is hit by Nicklas Grossmann and loses puck.
19:07 of 3rd period - Icing by Johnny Oduya.
19:08 of 3rd period - Sidney Crosby wins face-off versus Jason Spezza in Wild zone.
19:14 of 3rd period - Minor Penalty to Nicklas Grossmann for Interference.
19:15 of 3rd period - Sidney Crosby wins face-off versus Andreas Athanasiou in Wild zone.
19:44 of 3rd period - Shot by Jakub Voracek.
19:44 of 3rd period - Stopped by James Reimer without a rebound.
19:45 of 3rd period - Riley Nash wins face-off versus Paul Stastny in Wild zone.
Goals for this period are 0 for Stars vs 1 for Wild.
Shots for this period are 10 for Stars vs 13 for Wild.

Overtime #1


0:01 of 1st overtime period - Sidney Crosby wins face-off versus Tanner Pearson in neutral zone.
0:01 of 1st overtime period - Jakub Voracek is hit by Tanner Pearson and loses puck.
0:26 of 1st overtime period - Shot by Jakub Voracek.
0:26 of 1st overtime period - Shot Misses the Net.
1:13 of 1st overtime period - Icing by Paul Stastny.
1:14 of 1st overtime period - Paul Stastny wins face-off versus Eric Staal in Stars zone.
2:41 of 1st overtime period - Icing by Duncan Keith.
2:42 of 1st overtime period - Riley Nash wins face-off versus Tommy Wingels in Stars zone.
3:05 of 1st overtime period - Shot by Ryan Callahan.
3:05 of 1st overtime period - Stopped by Jonas Gustavsson without a rebound.
3:06 of 1st overtime period - Jason Spezza wins face-off versus Sidney Crosby in Stars zone.
3:26 of 1st overtime period - Shot by Jason Spezza.
3:26 of 1st overtime period - Shot Blocked by Sidney Crosby.
4:34 of 1st overtime period - Shot by Paul Byron.
4:34 of 1st overtime period - Stopped by James Reimer without a rebound.
4:35 of 1st overtime period - Jason Pominville wins face-off versus Sidney Crosby in Wild zone.
Goals for this period are 0 for Stars vs 0 for Wild.
Shots for this period are 1 for Stars vs 1 for Wild.

ShootOut


5:00 of 1st overtime period - Penalty Shot by Sidney Crosby for Stars.
5:00 of 1st overtime period - Stopped by James Reimer.
5:00 of 1st overtime period - Penalty Shot by Andreas Athanasiou for Wild.
5:00 of 1st overtime period - Stopped by Jonas Gustavsson.
5:00 of 1st overtime period - Penalty Shot by Jakub Voracek for Stars.
5:00 of 1st overtime period - Stopped by James Reimer.
5:00 of 1st overtime period - Penalty Shot by Jason Spezza for Wild.
5:00 of 1st overtime period - Stopped by Jonas Gustavsson.
5:00 of 1st overtime period - Penalty Shot by Paul Stastny for Stars.
5:00 of 1st overtime period - Goal by Paul Stastny.
5:00 of 1st overtime period - Penalty Shot by Eric Staal for Wild.
5:00 of 1st overtime period - Goal by Eric Staal.
5:00 of 1st overtime period - Penalty Shot by Jonathan Huberdeau for Stars.
5:00 of 1st overtime period - Stopped by James Reimer.
5:00 of 1st overtime period - Penalty Shot by Tanner Pearson for Wild.
5:00 of 1st overtime period - Shot Misses the Net.
5:00 of 1st overtime period - Penalty Shot by Paul Byron for Stars.
5:00 of 1st overtime period - Stopped by James Reimer.
5:00 of 1st overtime period - Penalty Shot by Riley Nash for Wild.
5:00 of 1st overtime period - Stopped by Jonas Gustavsson.
5:00 of 1st overtime period - Penalty Shot by Victor Hedman for Stars.
5:00 of 1st overtime period - Goal by Victor Hedman.
5:00 of 1st overtime period - Penalty Shot by Jason Pominville for Wild.
5:00 of 1st overtime period - Goal by Jason Pominville.
5:00 of 1st overtime period - Penalty Shot by John Klingberg for Stars.
5:00 of 1st overtime period - Goal by John Klingberg.
5:00 of 1st overtime period - Penalty Shot by Richard Panik for Wild.
5:00 of 1st overtime period - Stopped by Jonas Gustavsson.